 Dungeon Crawl Stone Soup version 0.21-a0-372-gd0ff781 (webtiles) character file.

5486 terra52 the Magician (level 10, 0/79 HPs)
             Began as a Gnoll Skald on Oct 16, 2017.
             Was an Initiate of Gozag.
             Slain by a wolf spider zombie (9 damage)
             ... on level 9 of the Dungeon.
             The game lasted 00:36:33 (5465 turns).

terra52 the Magician (Gnoll Skald)                  Turns: 5465, Time: 00:36:33

Health: 0/79       AC:  7    Str: 15 (18) XL:     10   Next: 69%
Magic:  29/30      EV: 14    Int: 16 (17) God:    Gozag
Gold:   406        SH:  5    Dex: 12 (14) Spells: 12/23 levels left

rFire    . . .     SeeInvis .   h - +3 scimitar (flame)
rCold    + . .     Gourm    .   N - +0 buckler
rNeg     + . .     Faith    .   f - +0 ring mail
rPois    .         Spirit   .   m - +0 helmet
rElec    .         Reflect  .   (no cloak)
rCorr    .         Harm     .   (no gloves)
MR       +....     Clarity  +   (no boots)
Stlth    ++........             (no amulet)
HPRegen  0.23/turn              S - ring of positive energy
MPRegen  0.22/turn              D - ring of magical power

@: infused
A: distributed training, fangs 1, clarity, cold resistance 1, magic resistance
1, strong 1, strong nose
a: Potion Petition, Call Merchant, Bribe Branch, Renounce Religion


You were on level 9 of the Dungeon.
You worshipped Gozag.
Gozag was aware of your devotion.
You were not hungry.

You visited 2 branches of the dungeon, and saw 10 of its levels.
You also visited: Sewer.

You collected 693 gold pieces.
You spent 190 gold pieces at shops.
You paid 97 gold pieces to Gozag.

Inventory:

Hand Weapons
 a - a +0 spear
 h - a +3 scimitar of flaming (weapon)
 k - a +0 trident
 J - a +2 war axe of freezing
 K - a +2 scimitar
Missiles
 L - 15 tomahawks (quivered)
Armour
 b - a +0 leather armour
 f - a +0 ring mail (worn)
 m - a +0 helmet (worn)
 N - a +0 buckler (worn)
 Q - the +0 scale mail of the Nightingale {rF+++ Str-3 Stlth+}
   (You bought it in a shop on level 4 of the Dungeon)

   It affects your strength (-3).
   It renders you almost immune to fire.
   It makes you more stealthy.
Jewellery
 C - an uncursed ring of see invisible
 D - a ring of magical power (right hand)
 H - an uncursed ring of protection from cold
 R - an uncursed ring of teleportation
 S - a ring of positive energy (left hand)
Wands
 s - a wand of lightning (10/15)
 w - a wand of digging (11/24)
 y - a wand of flame (20/48)
 A - a wand of random effects (0/48)
 G - a wand of random effects (20/48)
 O - a wand of digging (8/24)
 U - a wand of digging (11/24)
Scrolls
 l - a scroll of amnesia {unknown}
 o - 4 scrolls of teleportation
 t - a scroll of blinking
 u - a scroll of enchant weapon {unknown}
 v - 2 scrolls of fog
 x - 4 scrolls of enchant armour {unknown}
 E - 2 scrolls of fear {unknown}
 I - 5 scrolls of identify
 P - a scroll of remove curse
Potions
 e - 5 potions of curing
 g - a potion of haste {unknown}
 i - a potion of magic
 j - 2 potions of degeneration
 q - a potion of heal wounds
 r - 3 potions of resistance {unknown}
 z - 3 potions of flight {unknown}
 B - 4 potions of might {unknown}
 F - a potion of cancellation {unknown}
 M - a potion of brilliance {unknown}
 T - a potion of invisibility {unknown}
Books
 c - a book of Battle

   Spells                             Type                      Level
   a - Infusion                       Charms                       1
   b - Shroud of Golubria             Charms/Translocation         2
   c - Song of Slaying                Charms                       2
   d - Spectral Weapon                Hexes/Charms                 3
   e - Regeneration                   Charms/Necromancy            3
Comestibles
 d - 5 bread rations
 n - 4 meat rations
 p - a royal jelly


   Skills:
 + Level 7.2 Fighting
 + Level 5.4 Short Blades
 + Level 5.4 Long Blades
 + Level 5.4 Axes
 + Level 5.4 Maces & Flails
 + Level 7.2 Polearms
 + Level 5.4 Staves
 + Level 5.4 Slings
 + Level 5.4 Bows
 + Level 5.4 Crossbows
 + Level 5.4 Throwing
 + Level 6.1 Armour
 + Level 7.2 Dodging
 + Level 5.4 Stealth
 + Level 5.4 Shields
 + Level 5.4 Unarmed Combat
 + Level 7.4 Spellcasting
 + Level 4.4 Conjurations
 + Level 4.4 Hexes
 + Level 7.1 Charms
 + Level 4.4 Summonings
 + Level 4.4 Necromancy
 + Level 4.4 Translocations
 + Level 4.4 Transmutations
 + Level 4.4 Fire Magic
 + Level 4.4 Ice Magic
 + Level 4.4 Air Magic
 + Level 4.4 Earth Magic
 + Level 4.4 Poison Magic
 + Level 6.0 Invocations
 + Level 5.4 Evocations


You had 12 spell levels left.
You knew the following spells:

 Your Spells              Type           Power        Failure   Level  Hunger
a - Infusion              Chrm           ####         1%          1    None
b - Regeneration          Chrm/Necr      ###.......   6%          3    ##.....
c - Spectral Weapon       Hex/Chrm       ###.....     6%          3    ##.....
d - Shroud of Golubria    Chrm/Tloc      ###.......   3%          2    None
e - Song of Slaying       Chrm           ####....     1%          2    None


Dungeon Overview and Level Annotations

Branches:
Dungeon (9/15)             Temple (1/1) D:7
   Lair: D:8-11         Orc: D:9-12

Altars:
Elyvilon
Gozag
Kikubaaqudgha
Nemelex Xobeh
Vehumet
Wu Jian
Xom
Yredelemnul
Zin
The Shining One

Shops:
D:4 [   D:6 !(*?[

Annotations:
D:3 iamoutofideas's ghost, amateur DsFE


Innate Abilities, Weirdness & Mutations

Your experience applies equally to all skills.
You have very sharp teeth.
Your uncanny sense of smell can sniff out nearby items.
You possess an exceptional clarity of mind.
Your flesh is cold resistant. (rC+)
You are resistant to hostile enchantments. (MR+)
Your muscles are strong. (Str +2)


Message History

Okay, then.
You feel much better. The wolf spider zombie hits you!
* * * LOW HITPOINT WARNING * * *
The wolf spider zombie bites you!
* * * LOW HITPOINT WARNING * * *
The hellwing closely misses you. The hellwing barely misses you.
Unknown command.
The wolf spider zombie closely misses you.
You riposte.
You slash the wolf spider zombie! You burn the wolf spider zombie!
The wolf spider zombie is moderately damaged.
The wolf spider zombie closely misses you.
The wolf spider zombie misses you.
The wolf spider zombie closely misses you.
You see here 13 gold pieces.
You now have enough gold to petition Gozag for potion effects.
You now have 406 gold pieces (gained 13).
Your skin stops crawling.
The wolf spider zombie hits you!
You die...
Your body crumbles into a pile of gold.

##.......P .#..
#............ ....
#........... .....
...?......# #..... ....
..#.####.. ...
######.###........ #..
#......$$#......# ...
#....Z#.$...#..# ###
#....4@[?.....#### #
...................#### #
..........#...........###
.........####...#..#.....
........## #....#...#...
...###### ##.....#...##
... #.....###.## ..
#.....###.## #####..##...


You could see a hellwing and a wolf spider zombie.

Vanquished Creatures
  Erica (D:7)
  A centaur zombie (D:9)
  A centaur skeleton (D:9)
  A redback zombie (D:9)
  Grinder (D:6)
  Eustachio (D:4)
  A hungry ghost (D:9)
  4 ice beasts
  3 orc warriors (D:7)
  A phantom (D:4)
  4 ogres
  3 centaurs
  4 bullfrogs
  A wyvern skeleton (D:7)
  A water moccasin zombie (D:7)
  2 scorpions
  A water moccasin skeleton (D:9)
  6 wights
  3 howler monkeys
  A crimson imp (D:9)
  2 bullfrog zombies
  A hound (D:5)
  A jelly (D:6)
  2 orc priests
  3 bullfrog skeletons
  6 iguanas
  Ijyb (D:4)
  Natasha (thrice) (D:4)
  11 orc wizards
  9 worker ants
  2 killer bee zombies
  A mummy (D:5)
  A worker ant zombie (D:7)
  11 adders
  4 river rats (Sewer)
  2 shadow imps (D:9)
  2 adder skeletons
  3 worms
  2 dart slugs (D:2)
  5 leopard geckos
  28 orcs
  2 bats (D:2)
  4 giant cockroaches
  3 goblins
  3 hobgoblins
  10 jackals
  3 kobolds
  A quokka (D:2)
  6 ball pythons
  11 frilled lizards
  A jackal zombie (D:5)
  2 kobold zombies (D:5)
  2 leopard gecko skeletons
  7 rats
196 creatures vanquished.

Vanquished Creatures (others)
  5 dream sheep (D:5)
  A wight (D:5)
  A howler monkey (D:8)
  7 spectral weapons
14 creatures vanquished.

Grand Total: 210 creatures vanquished

Notes
Turn   | Place    | Note
-------+----------+-------------------------------------------
     0 | D:1      | terra52 the Gnoll Skald began the quest for the Orb.
     0 | D:1      | Reached XP level 1. HP: 20/20 MP: 6/6
   136 | D:1      | Reached XP level 2. HP: 14/26 MP: 2/7
   328 | D:2      | Found a sparkling altar of Nemelex Xobeh.
   334 | D:2      | Reached XP level 3. HP: 25/31 MP: 1/9
   338 | D:2      | Reached skill level 5 in Spellcasting
   478 | D:3      | Learned a level 3 spell: Regeneration
   482 | D:3      | Learned a level 3 spell: Spectral Weapon
   485 | D:3      | Learned a level 2 spell: Shroud of Golubria
   488 | D:3      | Learned a level 2 spell: Song of Slaying
   507 | D:3      | Reached skill level 1 in Invocations
   620 | D:3      | Reached skill level 1 in Short Blades
   620 | D:3      | Reached skill level 1 in Long Blades
   620 | D:3      | Reached skill level 1 in Axes
   620 | D:3      | Reached skill level 1 in Maces & Flails
   620 | D:3      | Reached skill level 1 in Staves
   620 | D:3      | Reached skill level 1 in Slings
   620 | D:3      | Reached skill level 1 in Bows
   620 | D:3      | Reached skill level 1 in Crossbows
   620 | D:3      | Reached skill level 1 in Throwing
   620 | D:3      | Reached skill level 1 in Stealth
   620 | D:3      | Reached skill level 1 in Shields
   620 | D:3      | Reached skill level 1 in Unarmed Combat
   620 | D:3      | Reached skill level 1 in Evocations
   652 | D:3      | Reached XP level 4. HP: 38/38 MP: 4/11
   712 | D:4      | Found a radiant altar of Vehumet.
   719 | D:4      | Reached skill level 1 in Conjurations
   719 | D:4      | Reached skill level 1 in Hexes
   719 | D:4      | Reached skill level 1 in Summonings
   719 | D:4      | Reached skill level 1 in Necromancy
   719 | D:4      | Reached skill level 1 in Translocations
   719 | D:4      | Reached skill level 1 in Transmutations
   719 | D:4      | Reached skill level 1 in Fire Magic
   719 | D:4      | Reached skill level 1 in Ice Magic
   719 | D:4      | Reached skill level 1 in Air Magic
   719 | D:4      | Reached skill level 1 in Earth Magic
   719 | D:4      | Reached skill level 1 in Poison Magic
   733 | D:4      | Reached XP level 5. HP: 17/43 MP: 2/12
   873 | D:4      | Noticed Natasha
   881 | D:4      | Killed Natasha
   897 | D:4      | Found a glowing drain.
   927 | Sewer    | Entered a sewer
  1003 | Sewer    | Reached XP level 6. HP: 19/50 MP: 6/13
  1235 | D:4      | Noticed Eustachio
  1281 | D:5      | Entered Level 5 of the Dungeon
  1294 | D:5      | Reached skill level 5 in Fighting
  1294 | D:5      | Reached skill level 5 in Polearms
  1294 | D:5      | Reached skill level 5 in Dodging
  1355 | D:5      | Found a sand-covered staircase.
  1418 | D:5      | Reached XP level 7. HP: 29/56 MP: 7/15
  1535 | D:5      | Found an ancient bone altar of Kikubaaqudgha.
  1573 | D:5      | Noticed a dream sheep
  1573 | D:5      | Noticed a dream sheep
  1573 | D:5      | Noticed a dream sheep
  1573 | D:5      | Noticed a dream sheep
  1573 | D:5      | Noticed a dream sheep
  1573 | D:5      | Found a shimmering altar of Xom.
  1578 | D:5      | Killed a dream sheep
  1578 | D:5      | Killed a dream sheep
  1578 | D:5      | Killed a dream sheep
  1578 | D:5      | Killed a dream sheep
  1578 | D:5      | Killed a dream sheep
  1760 | D:3      | Noticed iamoutofideas's ghost (amateur DsFE)
  2088 | D:4      | Found Emapruc's Antique Armour Boutique.
  2094 | D:4      | Noticed Natasha
  2102 | D:4      | Killed Natasha
  2146 | D:4      | Noticed Ijyb
  2170 | D:4      | Killed Ijyb
  2297 | D:4      | Noticed Natasha
  2306 | D:4      | Killed Natasha
  2306 | D:4      | Reached XP level 8. HP: 61/63 MP: 8/16
  2412 | D:4      | Killed Eustachio
  2836 | D:6      | Found Zantitij's Antique Armour Emporium.
  2846 | D:6      | Found Cifirof's Assorted Antiques.
  3044 | D:6      | Found Ynotaop's Distillery.
  3253 | D:6      | Noticed Grinder
  3254 | D:6      | Paralysed by Grinder for 2 turns
  3263 | D:6      | Killed Grinder
  3263 | D:6      | Reached XP level 9. HP: 68/69 MP: 18/18
  3289 | D:7      | Found a glowing golden altar of the Shining One.
  3413 | D:6      | Found Zoybiosch's Magic Scroll Shoppe.
  3575 | D:6      | Noticed a seven-headed hydra
  3639 | D:6      | Found Cotodiy's Weapon Boutique.
  3734 | D:7      | Reached skill level 5 in Armour
  3741 | D:7      | Found a staircase to the Ecumenical Temple.
  3749 | Temple   | Entered the Ecumenical Temple
  3759 | Temple   | Became a worshipper of Gozag Ym Sagoz the Greedy
  4196 | D:7      | Reached skill level 5 in Invocations
  4202 | D:7      | Found a white marble altar of Elyvilon.
  4408 | D:6      | Bought a bubbling ruby potion for 19 gold pieces
  4534 | D:4      | Bought a spiked scale mail for 171 gold pieces
  4544 | D:4      | Identified the cursed +0 scale mail of the Nightingale {rF+++ Str-3 Stlth+} (You bought it in a shop on level 4 of the Dungeon)
  4749 | D:8      | Noticed Erica
  4768 | D:7      | Gained mutation: Your flesh is cold resistant. (rC+) [potion of mutation]
  4768 | D:7      | Gained mutation: You are resistant to hostile enchantments. (MR+) [potion of mutation]
  4768 | D:7      | Gained mutation: Your muscles are strong. (Str +2) [potion of mutation]
  4768 | D:7      | Gained mutation: You possess an exceptional clarity of mind. [potion of mutation]
  4775 | D:7      | Killed Erica
  4775 | D:7      | Reached XP level 10. HP: 45/77 MP: 20/20
  4793 | D:8      | Reached skill level 5 in Short Blades
  4793 | D:8      | Reached skill level 5 in Long Blades
  4793 | D:8      | Reached skill level 5 in Axes
  4793 | D:8      | Reached skill level 5 in Maces & Flails
  4793 | D:8      | Reached skill level 5 in Staves
  4793 | D:8      | Reached skill level 5 in Slings
  4793 | D:8      | Reached skill level 5 in Bows
  4793 | D:8      | Reached skill level 5 in Crossbows
  4793 | D:8      | Reached skill level 5 in Throwing
  4793 | D:8      | Reached skill level 5 in Stealth
  4793 | D:8      | Reached skill level 5 in Shields
  4793 | D:8      | Reached skill level 5 in Unarmed Combat
  4793 | D:8      | Reached skill level 5 in Evocations
  5465 | D:9      | Slain by a wolf spider zombie

Vault maps used:
D:1:      kennysheep_arrival_forest
D:2:      nemelex_xobeh_ov_fountains_minmay
D:4:      vehumet_crystals, gup_sewer_entry_glass, serial_shops,
          nicolae_shop_overgrown_old_shop, uniq_eustachio, uniq_natasha,
          uniq_ijyb
D:5:      kiku_gazebo_pond_becter, nicolae_ossuary_entry_giza, first_bread,
          kb_xom_exploding_sheep
D:6:      minmay_cornered_nines, serial_shops, nicolae_shop_trees, shop,
          kennysheep_mini, nicolae_shop_behind_doors, nicolae_shop_waterfront,
          minmay_misc_feat_x, uniq_grinder
D:7:      tso_metal_star, elyvilon_altar_1, temple_fountains
D:8:      uniq_erica
D:9:      cheibrodos_grave_circle
Temple:   eino_temple_scatter_basement
Sewer:    sewer_co_cracked_pipes

Skill      XL: |  1  2  3  4  5  6  7  8  9 10 |
---------------+-------------------------------+-----
Spellcasting   | 5 6 7 |  7.4
Invocations    | 1 2 3 4 5 6 |  6.0
Short Blades   | 1 2 3 4 5 |  5.4
Long Blades    | 1 2 3 4 5 |  5.4
Axes           | 1 2 3 4 5 |  5.4
Maces & Flails | 1 2 3 4 5 |  5.4
Staves         | 1 2 3 4 5 |  5.4
Slings         | 1 2 3 4 5 |  5.4
Bows           | 1 2 3 4 5 |  5.4
Crossbows      | 1 2 3 4 5 |  5.4
Throwing       | 1 2 3 4 5 |  5.4
Stealth        | 1 2 3 4 5 |  5.4
Shields        | 1 2 3 4 5 |  5.4
Unarmed Combat | 1 2 3 4 5 |  5.4
Evocations     | 1 2 3 4 5 |  5.4
Conjurations   | 1 2 3 4 |  4.4
Hexes          | 1 2 3 4 |  4.4
Summonings     | 1 2 3 4 |  4.4
Necromancy     | 1 2 3 4 |  4.4
Translocations | 1 2 3 4 |  4.4
Transmutations | 1 2 3 4 |  4.4
Fire Magic     | 1 2 3 4 |  4.4
Ice Magic      | 1 2 3 4 |  4.4
Air Magic      | 1 2 3 4 |  4.4
Earth Magic    | 1 2 3 4 |  4.4
Poison Magic   | 1 2 3 4 |  4.4
Armour         | 3 4 5 6 |  6.1
Fighting       | 5 6 7 |  7.2
Polearms       | 5 6 7 |  7.2
Dodging        | 5 6 7 |  7.2
Charms         | 6 7 |  7.1

Action                   |  1- 3 |  4- 6 |  7- 9 | 10-12 || total
-------------------------+-------+-------+-------+-------++-------
Melee: Spear             |    92 |   165 |   166 |       ||   423
       Bite              |     7 |    15 |    41 |    18 ||    81
       Punch             |       |     3 |     1 |       ||     4
       Trident           |       |       |   167 |     9 ||   176
       Scimitar          |       |       |       |    88 ||    88
Throw: Tomahawk          |       |       |     3 |       ||     3
 Cast: Infusion          |    11 |     2 |    20 |     2 ||    35
       Regeneration      |     3 |    12 |    19 |     5 ||    39
       Spectral Weapon   |     1 |    15 |    38 |     3 ||    57
       Shroud of Golubri |       |       |     8 |       ||     8
Invok: Potion Petition   |       |       |     1 |       ||     1
Evoke: Wand              |       |     1 |    17 |       ||    18
  Use: Scroll            |       |     8 |     1 |     1 ||    10
       Potion            |       |     1 |     2 |     3 ||     6
 Stab: Distracted        |       |     1 |     5 |       ||     6
       Sleeping          |       |     1 |     1 |       ||     2
       Invisible         |       |       |     1 |     4 ||     5
  Eat: Chunk             |       |     4 |    13 |       ||    17
       Royal jelly       |       |       |     1 |     1 ||     2
       Fruit             |       |       |       |     4 ||     4
Armor: Leather armour    |    12 |    22 |    10 |       ||    44
       Ring mail         |       |       |    38 |    30 ||    68
Dodge: Dodged            |    56 |    84 |   137 |   103 ||   380
Block: Buckler           |       |       |       |    32 ||    32
       Rpst.: Scimitar   |       |       |       |    23 ||    23

Table legend:
 A = Spawn XP
 B = Non-spawn XP
 C = Spawn XP percentage of total XP
 D = Spawn monster count
 E = Non-spawn monster count
 F = Spawn count percentage of total count
 G = Total turns spent on level
                    A         B        C        D         E        F      G
               +---------+---------+-------+---------+---------+-------+---------
         Total |       0 |    7838 |   0.0 |       0 |     197 |   0.0 |  5465
               +---------+---------+-------+---------+---------+-------+---------
           D:1 |       0 |       9 |   0.0 |       0 |       6 |   0.0 |   146
           D:2 |       0 |      30 |   0.0 |       0 |      14 |   0.0 |   272
           D:3 |       0 |     107 |   0.0 |       0 |      21 |   0.0 |   462
           D:4 |       0 |     867 |   0.0 |       0 |      26 |   0.0 |  1234
           D:5 |       0 |     530 |   0.0 |       0 |      27 |   0.0 |   606
           D:6 |       0 |    1205 |   0.0 |       0 |      24 |   0.0 |   968
           D:7 |       0 |    2279 |   0.0 |       0 |      27 |   0.0 |   729
           D:8 |       0 |    1146 |   0.0 |       0 |      21 |   0.0 |   564
           D:9 |       0 |    1587 |   0.0 |       0 |      13 |   0.0 |   177
         Sewer |       0 |      78 |   0.0 |       0 |      18 |   0.0 |   287
               +---------+---------+-------+---------+---------+-------+---------
